Workbook

Sheet SUMMARY
A1: ANNEX 2 BUDGET TEMPLATE PROGRAM NAME: GLOBAL FUND FOR WOMEN - LOCALIZATION ACTIVITY
A4: Mandatory Budget Format | B4: BUDGET SUMMARY SPREADSHEET: DOLLAR COSTS
A6: Please provide the information requested for each year, the totals and a by line item explanation.
A7: All amounts in US $. If more subawardees are proposed please insert additional worksheets as needed.
A9: COST CATEGORIES | B9: YEAR 1 | D9: YEAR 2 | F9: YEAR 3 | H9: YEAR 4 | J9: YEAR 5 | L9: TOTAL AMOUNT
A11: SALARIES & WAGES | B11: ='Global Fund for Women'!D15 -> 0 | D11: ='Global Fund for Women'!G15 -> 0 | F11: ='Global Fund for Women'!J15 -> 0 | H11: ='Global Fund for Women'!M15 -> 0 | J11: ='Global Fund for Women'!P15 -> 0 | L11: =SUM(B11:K11) -> 0
A13: FRINGE BENEFITS | B13: ='Global Fund for Women'!D19 -> 0 | D13: ='Global Fund for Women'!G19 -> 0 | F13: ='Global Fund for Women'!J19 -> 0 | H13: ='Global Fund for Women'!M19 -> 0 | J13: ='Global Fund for Women'!P19 -> 0 | L13: =SUM(B13:K13) -> 0
A15: TRAVEL, PER DIEM & TRANSPORTATION | B15: ='Global Fund for Women'!D19 -> 0 | D15: ='Global Fund for Women'!G19 -> 0 | F15: ='Global Fund for Women'!J19 -> 0 | H15: ='Global Fund for Women'!M19 -> 0 | J15: ='Global Fund for Women'!P19 -> 0 | L15: $
A17: SUBCONTRACTS & CONSULTANTS | B17: ='Global Fund for Women'!E27 -> 0 | F17: ='Global Fund for Women'!I27 -> 0 | H17: ='Global Fund for Women'!K27 -> 0 | L17: ='Global Fund for Women'!O27 -> 0
A19: OTHER DIRECT COSTS | B19: ='Global Fund for Women'!D29 -> 0 | D19: ='Global Fund for Women'!G29 -> 0 | F19: ='Global Fund for Women'!I29 -> 0 | H19: ='Global Fund for Women'!K29 -> 0 | J19: ='Global Fund for Women'!M29 -> 0 | L19: =SUM(B19:K19) -> 0
A21: INDIRECT COSTS | B21: ='Global Fund for Women'!D31 -> 0 | D21: ='Global Fund for Women'!G31 -> 0 | F21: ='Global Fund for Women'!J31 -> 0 | H21: ='Global Fund for Women'!M31 -> 0 | J21: ='Global Fund for Women'!P31 -> 0 | L21: =SUM(B21:K21) -> 0
A23: TOTAL ESTIMATED COSTS

Sheet Global Fund for Women
A1: Mandatory Budget Format | D1: Program Name: | E1: Global Fund for Women - Localization Activity
A3: Please provide the information requested for each year and the totals.
A4: All amounts in US $. If more subawardees are proposed please insert additional worksheets as needed.
A6: Type of Subcontract:
B7: YEAR 1 | E7: YEAR 2 | H7: YEAR 3 | K7: YEAR 4 | N7: YEAR 5 | Q7: TOTAL AMOUNT
A8: COST CATEGORY | B8: Rate | C8: LOE | D8: Total | E8: Rate | F8: LOE | G8: Total | H8: Rate | I8: LOE | J8: Total | K8: Rate | L8: LOE | M8: Total | N8: Rate | O8: LOE | P8: Total | Q8: Total
A10: SALARIES & WAGES (rate; level of effort; total)
A11: Direct Long Term Labor
A12: Direct Short Term Labor
A13: Local Staff
A14: Home Office
A15: SUBTOTAL LABOR | Q15: =SUM(Q9:Q14) -> 0
A17: FRINGE BENEFITS (include allowances) | Q17: =SUM(+M17+J17+G17+D17) -> 0
A18: (add lines as needed)
A19: SUBTOTAL FRINGE BENEFITS | Q19: =SUM(Q13:Q18) -> 0
A21: TRAVEL, PER DIEM & TRANSPORTATION | Q21: =P21+M21+J21+G21+D21 -> 0
A23: SUBAWARD & CONSULTANTS
A24: (add lines as needed)
A25: SUBTOTAL SUBAWARDS
A27: OTHER DIRECT COSTS | Q27: =P27+M27+J27+G27+D27 -> 0
A28: (add lines as needed)
A29: INDIRECT COSTS
A31: SUBTOTAL INDIRECT COSTS
A33: TOTAL ESTIMATED COSTS
